Vegas Golden Knights vs Anaheim Ducks
(R1)
Created - Saturday, August 9, 2025 at 07:49
Goals
|
| Vegas Golden Knights |
2 |
3 |
2 |
7 |
| Anaheim Ducks |
3 |
1 |
1 |
5 |
|
Shots
|
| Vegas Golden Knights |
19 |
12 |
7 |
38 |
| Anaheim Ducks |
9 |
12 |
16 |
37 |
|
1st period
1. Vegas Golden Knights , Anthony Mantha 1 (Shea Theodore 2, Andreas Athanasiou 2) at 4:12
2. Anaheim Ducks , William Nylander 1 (Mark Scheifele 3, Esa Lindell 1) at 7:26 (PP)
3. Vegas Golden Knights , Tyler Toffoli 5 (Sean Monahan 7, Anthony Mantha 2) at 8:58
4. Anaheim Ducks , Nazem Kadri 4 (Luke Evangelista 1, Philip Broberg 2) at 10:31
5. Anaheim Ducks , William Nylander 2 (Mark Scheifele 4, John Tavares 3) at 13:52 (PP)
Penalties :
Sean Monahan (VGK) for Cross-checking (Minor) at 7:13, Shea Theodore (VGK) for Holding (Minor) at 13:13, Nazem Kadri (ANA) for High sticking (Minor) at 14:51, John Tavares (ANA) for Interference (Minor) at 19:36
2nd period
6. Anaheim Ducks , Chandler Stephenson 2 (John Tavares 4) at 2:22
7. Vegas Golden Knights , Bryan Rust 5 (Auston Matthews 8, Mika Zibanejad 2) at 10:00
8. Vegas Golden Knights , Jared McCann 3 (Sean Monahan 8, Tyler Toffoli 3) at 17:03
9. Vegas Golden Knights , Bryan Rust 6 (Auston Matthews 9) at 17:44
Penalties :
Sean Monahan (VGK) for Slashing (Minor) at 2:25, Thomas Chabot (VGK) for Tripping (Minor) at 14:23
3rd period
10. Anaheim Ducks , J.T. Compher 1 (Alex Killorn 2, Chandler Stephenson 1) at 2:48 (SH)
11. Vegas Golden Knights , Bryan Rust 7 (Auston Matthews 10, Travis Hamonic 1) at 8:42
12. Vegas Golden Knights , Jordan Staal 1 (Reilly Smith 1, Travis Hamonic 2) at 19:41 (Empty Net)
Penalties :
Mark Scheifele (ANA) for High sticking (Minor) at 2:07, Mason Marchment (ANA) for Tripping (Minor) at 11:21
Goalie Stats
Mackenzie Blackwood (VGK), 32 saves from 37 shots - (0.865), W, 3-1-0, 60:00 minutes
Linus Ullmark (ANA), 31 saves from 37 shots - (0.838), L, 1-3-0, 59:12 minutes
Players Stats for Vegas Golden Knights
Player Name G A P +/- PIM S H SB GA TA FO MP PP MP PK MP
------------------------------------------------------------------------------------
Andreas Athanasiou 0 1 1 1 0 2 0 1 0 1 4/9 11:22 0:00 2:18
Anthony Mantha 1 1 2 0 0 5 1 0 1 0 0/0 13:44 3:57 0:00
Auston Matthews 0 3 3 1 0 4 0 0 2 1 1/1 16:42 4:03 0:00
Bryan Rust 3 0 3 1 0 5 1 2 2 0 0/0 16:58 4:03 0:16
Erik Johnson 0 0 0 1 0 1 0 1 0 0 0/0 15:06 0:00 2:13
Jack Johnson 0 0 0 1 0 0 0 0 0 1 0/0 15:06 0:00 2:13
Jared McCann 1 0 1 1 0 1 0 0 1 0 0/0 17:06 3:53 0:00
Jordan Staal 1 0 1 1 0 2 4 0 0 0 7/16 14:43 0:00 2:25
Mathew Barzal 0 0 0 0 0 3 0 0 1 0 1/1 15:24 3:59 0:00
Mathieu Olivier 0 0 0 2 0 1 2 0 1 1 0/0 12:16 0:00 2:16
Mika Zibanejad 0 1 1 1 0 2 4 0 1 0 12/18 16:42 4:03 0:00
Reilly Smith 0 1 1 1 0 1 2 0 0 0 1/1 14:43 0:00 2:25
Roman Josi 0 0 0 1 0 0 1 1 0 0 0/0 24:06 3:57 0:37
Sean Monahan 0 2 2 1 4 3 2 0 0 0 15/27 17:05 3:53 0:00
Shea Theodore 0 1 1 2 2 2 2 3 0 1 0/0 23:37 3:59 0:54
Thomas Chabot 0 0 0 2 2 2 1 0 0 0 0/0 16:16 0:00 1:28
Travis Hamonic 0 2 2 2 0 0 0 0 0 0 0/0 17:04 0:00 2:15
Tyler Toffoli 1 1 2 1 0 4 3 0 1 1 0/0 17:06 3:53 0:00
Players Stats for Anaheim Ducks
Player Name G A P +/- PIM S H SB GA TA FO MP PP MP PK MP
------------------------------------------------------------------------------------
Alex Killorn 0 1 1 -2 0 2 2 0 0 3 0/0 13:39 0:00 2:05
Brayden Schenn 0 0 0 0 0 3 1 0 2 0 0/1 19:20 2:22 1:28
Brenden Dillon 0 0 0 -3 0 0 1 1 0 0 0/0 14:13 0:00 2:42
Chandler Stephenson 1 1 2 -2 0 1 2 1 0 2 4/14 15:13 0:00 4:47
Esa Lindell 0 1 1 0 0 1 2 2 0 0 0/0 27:43 1:53 5:14
Ivan Provorov 0 0 0 1 0 2 1 3 0 2 0/0 23:11 1:53 5:14
J.T. Compher 1 0 1 0 0 1 0 0 0 0 1/4 8:30 0:00 2:56
John Tavares 0 2 2 -2 2 11 2 0 0 0 1/1 18:21 2:28 0:06
Joshua Morrissey 0 0 0 -2 0 2 1 2 0 1 0/0 23:04 2:57 0:00
Luke Evangelista 0 1 1 -1 0 1 0 0 0 0 0/0 5:18 0:00 0:00
Mark Scheifele 0 2 2 -2 2 2 0 2 0 0 11/19 18:25 2:28 0:06
Mason Marchment 0 0 0 0 2 2 1 0 0 0 0/2 18:03 2:22 0:00
Morgan Rielly 0 0 0 -3 0 1 0 0 0 2 0/0 12:24 2:57 0:00
Nazem Kadri 1 0 1 0 2 2 1 3 3 0 13/28 18:28 2:22 0:00
Parker Kelly 0 0 0 -1 0 0 0 0 0 0 0/0 9:42 0:00 4:24
Philip Broberg 0 1 1 0 0 0 1 4 0 0 0/0 18:29 0:00 2:42
Will Cuylle 0 0 0 -2 0 1 3 0 1 0 1/1 10:22 0:00 0:00
William Nylander 2 0 2 -2 0 5 0 1 0 0 1/3 17:35 2:28 0:00
3 Stars
1 - Bryan Rust (VGK)
2 - Tyler Toffoli (VGK)
3 - Auston Matthews (VGK)
Power Play
Vegas Golden Knights - 0 on 4 Attempt(s) - 0.00%
Anaheim Ducks - 2 on 4 Attempt(s) - 50.00%
Penalty Kill
Vegas Golden Knights - 2 on 4 Attempt(s) - 50.00%
- Score 0 goal in Penalty Kill
Anaheim Ducks - 4 on 4 Attempt(s) - 100.00%
- Score 1 goal in Penalty Kill
Team Stat
Vegas Golden Knights - Hits : 23 - Faceoff Wins : 41 - Blocked Shots : 8 - Penalty Minutes : 8
Anaheim Ducks - Hits : 18 - Faceoff Wins : 32 - Blocked Shots : 19 - Penalty Minutes : 8
Official
Referees : Kendrick Nicholson and Jordan Samuels
Linesman : Tommy Hughes and Travis Toomey
Game Notes
Bryan Rust has scored a Hat Trick!
Jordan Staal has scored in a empty net!
Finance
Level 1 -- Attendance: 4293 (71.55%) -- Ticket Income $429,300
Level 2 -- Attendance: 3788 (75.76%) -- Ticket Income $227,280
Level 3 -- Attendance: 2130 (71.00%) -- Ticket Income $97,980
Level 4 -- Attendance: 3961 (79.22%) -- Ticket Income $99,025
Luxury Box -- Attendance: 765 (76.50%) -- Ticket Income $153,000
Game was played at the Honda Center.
Total Attendance: 14937 (74.69%)
Total Ticket Income: $1,006,585
Other Income: $352,305
Total Income: $1,358,890
Vegas Golden Knights
5 vs 5 Forward
Center Left Wing Right Wing Time % Phy DF OF
1 Mika Zibanejad Auston Matthews Bryan Rust 30 1 2 2
2 Sean Monahan Jared McCann Tyler Toffoli 30 1 2 2
3 Jordan Staal Mathew Barzal Reilly Smith 25 1 2 2
4 Andreas Athanasiou Mathieu Olivier Anthony Mantha 15 1 2 2
5 vs 5 Defense
Defense Defense Time % Phy DF OF
1 Roman Josi Shea Theodore 30 1 2 2
2 Thomas Chabot Travis Hamonic 30 1 2 2
3 Jack Johnson Erik Johnson 25 1 2 2
4 Roman Josi Shea Theodore 15 1 2 2
PowerPlay Forward
Center Left Wing Right Wing Time % Phy DF OF
1 Mika Zibanejad Auston Matthews Bryan Rust 50 1 2 2
2 Sean Monahan Jared McCann Tyler Toffoli 50 1 2 2
PowerPlay Defense
Defense Defense Time % Phy DF OF
1 Shea Theodore Mathew Barzal 50 1 2 2
2 Roman Josi Anthony Mantha 50 1 2 2
Penalty Kill 4 Players Forward
Center Wing Time % Phy DF OF
1 Jordan Staal Reilly Smith 50 1 2 2
2 Andreas Athanasiou Mathieu Olivier 50 1 2 2
Penalty Kill 4 Players Defense
Defense Defense Time % Phy DF OF
1 Thomas Chabot Travis Hamonic 50 1 2 2
2 Jack Johnson Erik Johnson 50 1 2 2
Penalty Kill - 3 Players Forward
Forward Time % Phy DF OF
1 Jordan Staal 50 1 2 2
2 Andreas Athanasiou 50 1 2 2
Penalty Kill - 3 Players Defense
Defense Defense Time % Phy DF OF
1 Thomas Chabot Travis Hamonic 50 1 2 2
2 Jack Johnson Erik Johnson 50 1 2 2
4 vs 4 Forward
Center Wing Time % Phy DF OF
1 Mika Zibanejad Auston Matthews 50 1 2 2
2 Sean Monahan Tyler Toffoli 50 1 2 2
4 vs 4 Defense
Defense Defense Time % Phy DF OF
1 Shea Theodore Roman Josi 50 1 2 2
2 Thomas Chabot Travis Hamonic 50 1 2 2
Last Minutes Offensive
Center Left Wing Right Wing Defense Defense
Sean Monahan Auston Matthews Bryan Rust Shea Theodore Roman Josi
Last Minutes Defensive
Center Left Wing Right Wing Defense Defense
Jordan Staal Mathieu Olivier Reilly Smith Thomas Chabot Travis Hamonic
Goaltenders
Starting : Mackenzie Blackwood
Backup : Sergei Bobrovsky
Extra Forwards
Normal : Sean Monahan, Auston Matthews, Mika Zibanejad - PP : Jordan Staal, Reilly Smith - PK : Bryan Rust
Extra Defensemen
Normal : Thomas Chabot, Shea Theodore, Roman Josi - PP : Thomas Chabot - PK : Shea Theodore, Roman Josi
Penalty Shots
Mika Zibanejad, Sean Monahan, Bryan Rust, Anthony Mantha, Auston Matthews
Scratches
Brendan Smith (Healthy), Cole Smith (Healthy)
Anaheim Ducks
5 vs 5 Forward
Center Left Wing Right Wing Time % Phy DF OF
1 Mark Scheifele John Tavares William Nylander 35 1 2 2
2 Nazem Kadri Mason Marchment Brayden Schenn 35 1 2 2
3 Chandler Stephenson Alex Killorn Will Cuylle 20 1 2 2
4 J.T. Compher Parker Kelly Luke Evangelista 10 1 2 2
5 vs 5 Defense
Defense Defense Time % Phy DF OF
1 Esa Lindell Joshua Morrissey 40 1 2 2
2 Ivan Provorov Philip Broberg 35 1 2 2
3 Brenden Dillon Morgan Rielly 20 1 2 2
4 Esa Lindell Ivan Provorov 5 1 2 2
PowerPlay Forward
Center Left Wing Right Wing Time % Phy DF OF
1 Mark Scheifele John Tavares William Nylander 50 1 1 3
2 Nazem Kadri Mason Marchment Brayden Schenn 50 1 1 3
PowerPlay Defense
Defense Defense Time % Phy DF OF
1 Morgan Rielly Joshua Morrissey 60 1 2 2
2 Ivan Provorov Esa Lindell 40 1 2 2
Penalty Kill 4 Players Forward
Center Wing Time % Phy DF OF
1 Chandler Stephenson Parker Kelly 60 1 3 1
2 J.T. Compher Alex Killorn 40 1 3 1
Penalty Kill 4 Players Defense
Defense Defense Time % Phy DF OF
1 Esa Lindell Ivan Provorov 60 1 4 0
2 Brenden Dillon Philip Broberg 40 1 4 0
Penalty Kill - 3 Players Forward
Forward Time % Phy DF OF
1 Chandler Stephenson 60 1 4 0
2 Parker Kelly 40 1 4 0
Penalty Kill - 3 Players Defense
Defense Defense Time % Phy DF OF
1 Esa Lindell Ivan Provorov 60 1 4 0
2 Brenden Dillon Philip Broberg 40 1 4 0
4 vs 4 Forward
Center Wing Time % Phy DF OF
1 John Tavares William Nylander 60 1 2 2
2 Mark Scheifele Nazem Kadri 40 1 2 2
4 vs 4 Defense
Defense Defense Time % Phy DF OF
1 Esa Lindell Joshua Morrissey 60 1 2 2
2 Brenden Dillon Ivan Provorov 40 1 2 2
Last Minutes Offensive
Center Left Wing Right Wing Defense Defense
Mark Scheifele John Tavares William Nylander Joshua Morrissey Alex Killorn
Last Minutes Defensive
Center Left Wing Right Wing Defense Defense
Chandler Stephenson Alex Killorn Brayden Schenn Ivan Provorov Esa Lindell
Goaltenders
Starting : Linus Ullmark
Backup : James Reimer
Extra Forwards
Normal : William Nylander, Mark Scheifele, Nazem Kadri - PP : William Nylander, Nazem Kadri - PK : Chandler Stephenson
Extra Defensemen
Normal : Esa Lindell, Ivan Provorov, Brenden Dillon - PP : Joshua Morrissey - PK : Esa Lindell, Ivan Provorov
Penalty Shots
Chandler Stephenson, Mark Scheifele, Brayden Schenn, Alex Killorn, William Nylander
Scratches
None
% Time on Ice - Vegas Golden Knights
Lines # - Real PCT - Wanted PCT - Time Play
Normal Forward
1 - 27% - 30% - 12:40
2 - 29% - 30% - 13:13
3 - 25% - 25% - 11:21
4 - 20% - 15% - 9:04
Normal Defense
1 - 30% - 30% - 13:45
2 - 32% - 30% - 14:41
3 - 28% - 25% - 12:52
4 - 11% - 15% - 5:00
PP Forward
1 - 51% - 50% - 4:03
2 - 49% - 50% - 3:53
PP Defense
1 - 50% - 50% - 3:59
2 - 50% - 50% - 3:57
PK Forward
1 - 50% - 50% - 2:25
2 - 50% - 50% - 2:25
PK Defense
1 - 54% - 50% - 2:37
2 - 46% - 50% - 2:13
PK3 Forward
1 - 0% - 50%
2 - 0% - 50%
PK3 Defense
1 - 0% - 50%
2 - 0% - 50%
44 Forward
1 - 0% - 50%
2 - 0% - 50%
44 Defense
1 - 0% - 50%
2 - 0% - 50%
Last Minute Offensive - 0:00
Last Minute Defensive - 0:56
Total
Forward - 60:00
Defense - 60:00
|
% Time on Ice - Anaheim Ducks
Lines # - Real PCT - Wanted PCT - Time Play
Normal Forward
1 - 32% - 35% - 14:56
2 - 34% - 35% - 15:42
3 - 22% - 20% - 10:22
4 - 11% - 10% - 5:18
Normal Defense
1 - 42% - 40% - 19:33
2 - 36% - 35% - 16:41
3 - 20% - 20% - 9:27
4 - 1% - 5% - 0:37
PP Forward
1 - 51% - 50% - 2:28
2 - 49% - 50% - 2:22
PP Defense
1 - 61% - 60% - 2:57
2 - 39% - 40% - 1:53
PK Forward
1 - 74% - 60% - 5:51
2 - 26% - 40% - 2:05
PK Defense
1 - 66% - 60% - 5:14
2 - 34% - 40% - 2:42
PK3 Forward
1 - 0% - 60%
2 - 0% - 40%
PK3 Defense
1 - 0% - 60%
2 - 0% - 40%
44 Forward
1 - 0% - 60%
2 - 0% - 40%
44 Defense
1 - 0% - 60%
2 - 0% - 40%
Last Minute Offensive - 0:56
Last Minute Defensive - 0:00
Total
Forward - 60:00
Defense - 60:00
|
Play-by-Play
1st period
0:01 of 1st period - Mika Zibanejad wins face-off versus Mark Scheifele in neutral zone.
0:08 of 1st period - Slapshot by William Nylander.
0:08 of 1st period - Stopped by Mackenzie Blackwood without a rebound.
0:09 of 1st period - Mika Zibanejad wins face-off versus Mark Scheifele in Vegas Golden Knights zone.
0:44 of 1st period - Wrist shot by John Tavares.
0:44 of 1st period - Stopped by Mackenzie Blackwood with a rebound.
0:48 of 1st period - Wrist shot by Mark Scheifele.
0:48 of 1st period - Shot Blocked by Bryan Rust.
0:50 of 1st period - Slapshot by Esa Lindell.
0:50 of 1st period - Shot Blocked by Roman Josi.
0:52 of 1st period - Snap shot by William Nylander.
0:52 of 1st period - Shot Misses the Net.
0:54 of 1st period - Slapshot by Esa Lindell.
0:54 of 1st period - Shot Hit the Post.
0:56 of 1st period - Slapshot by Joshua Morrissey.
0:56 of 1st period - Shot Blocked by Shea Theodore.
0:58 of 1st period - Slapshot by Joshua Morrissey.
0:58 of 1st period - Stopped by Mackenzie Blackwood without a rebound.
0:59 of 1st period - Sean Monahan wins face-off versus Nazem Kadri in Vegas Golden Knights zone.
1:14 of 1st period - Snap shot by Jared McCann.
1:14 of 1st period - Deflect By Tyler Toffoli.
1:14 of 1st period - Stopped by Linus Ullmark with a rebound.
2:12 of 1st period - Brayden Schenn is hit by Thomas Chabot.
2:44 of 1st period - Slapshot by Auston Matthews.
2:44 of 1st period - Stopped by Linus Ullmark with a rebound.
3:04 of 1st period - Philip Broberg is hit by Sean Monahan and loses puck.
3:21 of 1st period - Snap shot by Jordan Staal.
3:21 of 1st period - Shot Misses the Net.
3:36 of 1st period - Icing by Shea Theodore.
3:37 of 1st period - Andreas Athanasiou wins face-off versus Nazem Kadri in Vegas Golden Knights zone.
3:48 of 1st period - Snap shot by Andreas Athanasiou.
3:48 of 1st period - Stopped by Linus Ullmark with a rebound.
3:54 of 1st period - Wrist shot by Anthony Mantha.
3:54 of 1st period - Stopped by Linus Ullmark with a rebound.
4:08 of 1st period - Snap shot by Andreas Athanasiou.
4:08 of 1st period - Shot Misses the Net.
4:10 of 1st period - Snap shot by Shea Theodore.
4:10 of 1st period - Shot Misses the Net.
4:12 of 1st period - Snap shot by Anthony Mantha.
4:12 of 1st period - Goal by Anthony Mantha - Vegas Golden Knights : 1 - Anaheim Ducks : 0.
4:13 of 1st period - Sean Monahan wins face-off versus Mark Scheifele in neutral zone.
4:24 of 1st period - Snap shot by Tyler Toffoli.
4:24 of 1st period - Deflect By Sean Monahan.
4:24 of 1st period - Shot Blocked by William Nylander.
4:24 of 1st period - Puck is out of play.
4:25 of 1st period - Chandler Stephenson wins face-off versus Jordan Staal in Anaheim Ducks zone.
5:17 of 1st period - Snap shot by Sean Monahan.
5:17 of 1st period - Shot Blocked by Nazem Kadri.
5:30 of 1st period - Icing by Morgan Rielly.
5:31 of 1st period - Mark Scheifele wins face-off versus Andreas Athanasiou in Anaheim Ducks zone.
6:06 of 1st period - Wrist shot by Nazem Kadri.
6:06 of 1st period - Shot Misses the Net.
7:09 of 1st period - Wrist shot by John Tavares.
7:09 of 1st period - Stopped by Mackenzie Blackwood without a rebound.
7:10 of 1st period - Sean Monahan wins face-off versus Nazem Kadri in Vegas Golden Knights zone.
7:10 of 1st period - Sean Monahan is hit by Mason Marchment.
7:13 of 1st period - Minor Penalty to Sean Monahan for Cross-checking.
7:14 of 1st period - Jordan Staal wins face-off versus Mark Scheifele in Vegas Golden Knights zone.
7:26 of 1st period - Slapshot by William Nylander.
7:26 of 1st period - Goal by William Nylander - Vegas Golden Knights : 1 - Anaheim Ducks : 1.
7:27 of 1st period - Mark Scheifele wins face-off versus Sean Monahan in neutral zone.
7:34 of 1st period - Slapshot by Sean Monahan.
7:34 of 1st period - Shot Hit the Post.
8:00 of 1st period - Snap shot by Mathew Barzal.
8:00 of 1st period - Shot Blocked by Philip Broberg.
8:02 of 1st period - Slapshot by Jack Johnson.
8:02 of 1st period - Shot Blocked by Ivan Provorov.
8:58 of 1st period - Slapshot by Tyler Toffoli.
8:58 of 1st period - Goal by Tyler Toffoli - Vegas Golden Knights : 2 - Anaheim Ducks : 1.
8:59 of 1st period - Jordan Staal wins face-off versus Nazem Kadri in neutral zone.
9:29 of 1st period - Snap shot by Sean Monahan.
9:29 of 1st period - Stopped by Linus Ullmark with a rebound.
9:33 of 1st period - Slapshot by Tyler Toffoli.
9:33 of 1st period - Shot Misses the Net.
10:31 of 1st period - Slapshot by Nazem Kadri.
10:31 of 1st period - Goal by Nazem Kadri - Vegas Golden Knights : 2 - Anaheim Ducks : 2.
10:32 of 1st period - Mark Scheifele wins face-off versus Sean Monahan in neutral zone.
10:35 of 1st period - Snap shot by John Tavares.
10:35 of 1st period - Stopped by Mackenzie Blackwood with a rebound.
10:57 of 1st period - William Nylander is hit by Bryan Rust and loses puck.
11:16 of 1st period - Jordan Staal is hit by Brayden Schenn and loses puck.
11:23 of 1st period - Esa Lindell is hit by Reilly Smith and loses puck.
11:50 of 1st period - Esa Lindell is hit by Mathieu Olivier and loses puck.
11:57 of 1st period - Andreas Athanasiou is hit by Will Cuylle and loses puck.
12:22 of 1st period - Slapshot by Will Cuylle.
12:22 of 1st period - Shot Misses the Net.
12:42 of 1st period - Slapshot by Andreas Athanasiou.
12:42 of 1st period - Shot Blocked by Philip Broberg.
12:56 of 1st period - Snap shot by Andreas Athanasiou.
12:56 of 1st period - Stopped by Linus Ullmark without a rebound.
12:57 of 1st period - Sean Monahan wins face-off versus Mason Marchment in Anaheim Ducks zone.
13:13 of 1st period - Minor Penalty to Shea Theodore for Holding.
13:14 of 1st period - Nazem Kadri wins face-off versus Jordan Staal in Vegas Golden Knights zone.
13:19 of 1st period - Snap shot by Brayden Schenn.
13:19 of 1st period - Shot Misses the Net.
13:42 of 1st period - Icing by William Nylander.
13:43 of 1st period - John Tavares wins face-off versus Andreas Athanasiou in Anaheim Ducks zone.
13:52 of 1st period - Wrist shot by William Nylander.
13:52 of 1st period - Goal by William Nylander - Vegas Golden Knights : 2 - Anaheim Ducks : 3.
13:53 of 1st period - Mika Zibanejad wins face-off versus William Nylander in neutral zone.
14:04 of 1st period - Wrist shot by Mark Scheifele.
14:04 of 1st period - Shot Misses the Net.
14:20 of 1st period - John Tavares is hit by Jordan Staal and loses puck.
14:25 of 1st period - Wrist shot by Mathew Barzal.
14:25 of 1st period - Stopped by Linus Ullmark with a rebound.
14:27 of 1st period - Slapshot by Thomas Chabot.
14:27 of 1st period - Stopped by Linus Ullmark with a rebound.
14:29 of 1st period - Slapshot by Mathew Barzal.
14:29 of 1st period - Stopped by Linus Ullmark without a rebound.
14:30 of 1st period - Sean Monahan wins face-off versus Nazem Kadri in Anaheim Ducks zone.
14:39 of 1st period - Wrist shot by Tyler Toffoli.
14:39 of 1st period - Shot Blocked by Ivan Provorov.
14:41 of 1st period - Wrist shot by Tyler Toffoli.
14:41 of 1st period - Stopped by Linus Ullmark with a rebound.
14:43 of 1st period - Slapshot by Tyler Toffoli.
14:43 of 1st period - Shot Blocked by Nazem Kadri.
14:51 of 1st period - Minor Penalty to Nazem Kadri for High sticking.
14:52 of 1st period - Mika Zibanejad wins face-off versus Chandler Stephenson in Anaheim Ducks zone.
15:58 of 1st period - Brayden Schenn is hit by Anthony Mantha and loses puck.
16:51 of 1st period - Penalty to Nazem Kadri is over, Nazem Kadri is back on ice.
16:51 of 1st period - Anthony Mantha is hit by Esa Lindell and loses puck.
17:02 of 1st period - Slapshot by Nazem Kadri.
17:02 of 1st period - Shot Misses the Net.
17:04 of 1st period - Snap shot by John Tavares.
17:04 of 1st period - Shot Misses the Net.
17:23 of 1st period - Slapshot by Mika Zibanejad.
17:23 of 1st period - Shot Misses the Net.
17:25 of 1st period - Slapshot by Bryan Rust.
17:25 of 1st period - Stopped by Linus Ullmark with a rebound.
17:27 of 1st period - Slapshot by Travis Hamonic.
17:27 of 1st period - Shot Misses the Net.
17:29 of 1st period - Slapshot by Mika Zibanejad.
17:29 of 1st period - Shot Blocked by Nazem Kadri.
17:31 of 1st period - Snap shot by Auston Matthews.
17:31 of 1st period - Stopped by Linus Ullmark without a rebound.
17:32 of 1st period - Chandler Stephenson wins face-off versus Jordan Staal in Anaheim Ducks zone.
17:32 of 1st period - Chandler Stephenson is hit by Jordan Staal.
17:39 of 1st period - Off-side.
17:40 of 1st period - Will Cuylle wins face-off versus Jordan Staal in neutral zone.
17:45 of 1st period - Snap shot by Alex Killorn.
17:45 of 1st period - Stopped by Mackenzie Blackwood with a rebound.
17:51 of 1st period - Wrist shot by Jordan Staal.
17:51 of 1st period - Stopped by Linus Ullmark without a rebound.
17:52 of 1st period - Nazem Kadri wins face-off versus Sean Monahan in Anaheim Ducks zone.
18:38 of 1st period - Wrist shot by Anthony Mantha.
18:38 of 1st period - Stopped by Linus Ullmark without a rebound.
18:39 of 1st period - Andreas Athanasiou wins face-off versus J.T. Compher in Anaheim Ducks zone.
18:40 of 1st period - Wrist shot by Mathieu Olivier.
18:40 of 1st period - Stopped by Linus Ullmark without a rebound.
18:41 of 1st period - J.T. Compher wins face-off versus Andreas Athanasiou in Anaheim Ducks zone.
19:04 of 1st period - Snap shot by Andreas Athanasiou.
19:04 of 1st period - Shot Misses the Net.
19:06 of 1st period - Snap shot by Anthony Mantha.
19:06 of 1st period - Stopped by Linus Ullmark without a rebound.
19:07 of 1st period - Nazem Kadri wins face-off versus Sean Monahan in Anaheim Ducks zone.
19:07 of 1st period - Nazem Kadri is hit by Sean Monahan.
19:23 of 1st period - Wrist shot by Tyler Toffoli.
19:23 of 1st period - Stopped by Linus Ullmark without a rebound.
19:24 of 1st period - Mika Zibanejad wins face-off versus Mark Scheifele in Anaheim Ducks zone.
19:36 of 1st period - Minor Penalty to John Tavares for Interference.
19:37 of 1st period - Sean Monahan wins face-off versus Chandler Stephenson in Anaheim Ducks zone.
Goals for this period are 2 for Vegas Golden Knights vs 3 for Anaheim Ducks.
Shots for this period are 19 for Vegas Golden Knights vs 9 for Anaheim Ducks.
2nd period
0:01 of 2nd period - Mika Zibanejad wins face-off versus Chandler Stephenson in neutral zone.
0:59 of 2nd period - Bryan Rust is hit by Brenden Dillon and loses puck.
1:36 of 2nd period - Penalty to John Tavares is over, John Tavares is back on ice.
1:51 of 2nd period - Off-side.
1:52 of 2nd period - Reilly Smith wins face-off versus Nazem Kadri in neutral zone.
2:20 of 2nd period - Wrist shot by Chandler Stephenson.
2:20 of 2nd period - Shot Misses the Net.
2:22 of 2nd period - Wrist shot by Chandler Stephenson.
2:22 of 2nd period - Goal by Chandler Stephenson - Vegas Golden Knights : 2 - Anaheim Ducks : 4.
2:23 of 2nd period - Sean Monahan wins face-off versus Nazem Kadri in neutral zone.
2:25 of 2nd period - Minor Penalty to Sean Monahan for Slashing.
2:26 of 2nd period - Andreas Athanasiou wins face-off versus Nazem Kadri in Vegas Golden Knights zone.
3:32 of 2nd period - Thomas Chabot is hit by Ivan Provorov and loses puck.
4:25 of 2nd period - Penalty to Sean Monahan is over, Sean Monahan is back on ice.
4:50 of 2nd period - J.T. Compher is hit by Shea Theodore.
5:00 of 2nd period - Wrist shot by Luke Evangelista.
5:00 of 2nd period - Stopped by Mackenzie Blackwood without a rebound.
5:01 of 2nd period - Sean Monahan wins face-off versus Chandler Stephenson in Vegas Golden Knights zone.
5:06 of 2nd period - Tyler Toffoli is hit by Will Cuylle and loses puck.
5:47 of 2nd period - Nazem Kadri is hit by Mathieu Olivier and loses puck.
5:55 of 2nd period - Philip Broberg is hit by Shea Theodore and loses puck.
6:37 of 2nd period - Snap shot by Alex Killorn.
6:37 of 2nd period - Stopped by Mackenzie Blackwood without a rebound.
6:38 of 2nd period - Nazem Kadri wins face-off versus Mika Zibanejad in Vegas Golden Knights zone.
6:47 of 2nd period - Wrist shot by Nazem Kadri.
6:47 of 2nd period - Shot Misses the Net.
6:49 of 2nd period - Slapshot by Ivan Provorov.
6:49 of 2nd period - Deflect By Mika Zibanejad.
6:49 of 2nd period - Stopped by Mackenzie Blackwood without a rebound.
6:50 of 2nd period - Sean Monahan wins face-off versus Nazem Kadri in Vegas Golden Knights zone.
7:22 of 2nd period - Wrist shot by Auston Matthews.
7:22 of 2nd period - Stopped by Linus Ullmark with a rebound.
7:24 of 2nd period - Slapshot by Shea Theodore.
7:24 of 2nd period - Shot Blocked by Esa Lindell.
7:40 of 2nd period - Slapshot by Anthony Mantha.
7:40 of 2nd period - Shot Blocked by Mark Scheifele.
7:42 of 2nd period - Wrist shot by Anthony Mantha.
7:42 of 2nd period - Stopped by Linus Ullmark without a rebound.
7:43 of 2nd period - Andreas Athanasiou wins face-off versus Nazem Kadri in Anaheim Ducks zone.
7:44 of 2nd period - Wrist shot by Anthony Mantha.
7:44 of 2nd period - Shot Blocked by Philip Broberg.
8:36 of 2nd period - Shea Theodore is hit by Philip Broberg and loses puck.
8:55 of 2nd period - Snap shot by Philip Broberg.
8:55 of 2nd period - Shot Blocked by Shea Theodore.
8:59 of 2nd period - Wrist shot by Parker Kelly.
8:59 of 2nd period - Shot Misses the Net.
9:01 of 2nd period - Backhand shot by Ivan Provorov.
9:01 of 2nd period - Stopped by Mackenzie Blackwood without a rebound.
9:02 of 2nd period - Nazem Kadri wins face-off versus Sean Monahan in Vegas Golden Knights zone.
9:03 of 2nd period - Wrist shot by Brayden Schenn.
9:03 of 2nd period - Stopped by Mackenzie Blackwood without a rebound.
9:04 of 2nd period - Sean Monahan wins face-off versus Nazem Kadri in Vegas Golden Knights zone.
9:58 of 2nd period - Snap shot by Auston Matthews.
9:58 of 2nd period - Shot Misses the Net.
10:00 of 2nd period - Snap shot by Bryan Rust.
10:00 of 2nd period - Goal by Bryan Rust - Vegas Golden Knights : 3 - Anaheim Ducks : 4.
10:01 of 2nd period - Sean Monahan wins face-off versus Nazem Kadri in neutral zone.
10:06 of 2nd period - Snap shot by Jared McCann.
10:06 of 2nd period - Shot Misses the Net.
10:08 of 2nd period - Wrist shot by Tyler Toffoli.
10:08 of 2nd period - Deflect By Sean Monahan.
10:08 of 2nd period - Shot Misses the Net.
10:08 of 2nd period - Puck is out of play.
10:09 of 2nd period - Nazem Kadri wins face-off versus Sean Monahan in Anaheim Ducks zone.
10:09 of 2nd period - Nazem Kadri is hit by Tyler Toffoli.
10:48 of 2nd period - Icing by Esa Lindell.
10:49 of 2nd period - Mika Zibanejad wins face-off versus Nazem Kadri in Anaheim Ducks zone.
11:48 of 2nd period - Snap shot by Reilly Smith.
11:48 of 2nd period - Stopped by Linus Ullmark with a rebound.
11:58 of 2nd period - Slapshot by Chandler Stephenson.
11:58 of 2nd period - Shot Blocked by Shea Theodore.
12:08 of 2nd period - Snap shot by Alex Killorn.
12:08 of 2nd period - Deflect By Chandler Stephenson.
12:08 of 2nd period - Shot Misses the Net.
12:08 of 2nd period - Puck is out of play.
12:09 of 2nd period - Mika Zibanejad wins face-off versus Chandler Stephenson in Vegas Golden Knights zone.
12:18 of 2nd period - Snap shot by Mika Zibanejad.
12:18 of 2nd period - Stopped by Linus Ullmark without a rebound.
12:19 of 2nd period - Mika Zibanejad wins face-off versus Chandler Stephenson in Anaheim Ducks zone.
12:28 of 2nd period - Snap shot by Will Cuylle.
12:28 of 2nd period - Stopped by Mackenzie Blackwood with a rebound.
12:40 of 2nd period - Joshua Morrissey is hit by Mika Zibanejad and loses puck.
12:53 of 2nd period - Slapshot by Auston Matthews.
12:53 of 2nd period - Shot Misses the Net.
12:55 of 2nd period - Snap shot by Mika Zibanejad.
12:55 of 2nd period - Shot Blocked by Chandler Stephenson.
12:57 of 2nd period - Slapshot by Erik Johnson.
12:57 of 2nd period - Shot Blocked by Joshua Morrissey.
12:59 of 2nd period - Slapshot by Erik Johnson.
12:59 of 2nd period - Stopped by Linus Ullmark with a rebound.
13:01 of 2nd period - Snap shot by Mika Zibanejad.
13:01 of 2nd period - Deflect By Bryan Rust.
13:01 of 2nd period - Stopped by Linus Ullmark without a rebound.
13:02 of 2nd period - Mark Scheifele wins face-off versus Jordan Staal in Anaheim Ducks zone.
13:02 of 2nd period - Mark Scheifele is hit by Jordan Staal.
13:27 of 2nd period - Icing by Mathew Barzal.
13:28 of 2nd period - Mathew Barzal wins face-off versus Brayden Schenn in Vegas Golden Knights zone.
13:28 of 2nd period - Mathew Barzal is hit by Nazem Kadri.
13:36 of 2nd period - Slapshot by Shea Theodore.
13:36 of 2nd period - Shot Blocked by Joshua Morrissey.
13:38 of 2nd period - Snap shot by Sean Monahan.
13:38 of 2nd period - Stopped by Linus Ullmark without a rebound.
13:39 of 2nd period - Mark Scheifele wins face-off versus Sean Monahan in Anaheim Ducks zone.
13:46 of 2nd period - John Tavares is hit by Tyler Toffoli and loses puck.
14:23 of 2nd period - Minor Penalty to Thomas Chabot for Tripping.
14:24 of 2nd period - Nazem Kadri wins face-off versus Andreas Athanasiou in Vegas Golden Knights zone.
14:32 of 2nd period - Wrist shot by Morgan Rielly.
14:32 of 2nd period - Stopped by Mackenzie Blackwood with a rebound.
14:34 of 2nd period - Wrist shot by Nazem Kadri.
14:34 of 2nd period - Stopped by Mackenzie Blackwood with a rebound.
16:23 of 2nd period - Penalty to Thomas Chabot is over, Thomas Chabot is back on ice.
16:36 of 2nd period - Jared McCann is hit by Will Cuylle and loses puck.
16:55 of 2nd period - Snap shot by Bryan Rust.
16:55 of 2nd period - Shot Blocked by Ivan Provorov.
16:57 of 2nd period - Slapshot by Thomas Chabot.
16:57 of 2nd period - Stopped by Linus Ullmark without a rebound.
16:58 of 2nd period - Sean Monahan wins face-off versus J.T. Compher in Anaheim Ducks zone.
17:01 of 2nd period - Slapshot by Sean Monahan.
17:01 of 2nd period - Shot Blocked by Brenden Dillon.
17:03 of 2nd period - Wrist shot by Sean Monahan.
17:03 of 2nd period - Deflect By Jared McCann.
17:03 of 2nd period - Goal by Jared McCann - Vegas Golden Knights : 4 - Anaheim Ducks : 4.
17:04 of 2nd period - Jordan Staal wins face-off versus Mark Scheifele in neutral zone.
17:11 of 2nd period - Wrist shot by Mathew Barzal.
17:11 of 2nd period - Stopped by Linus Ullmark with a rebound.
17:17 of 2nd period - Slapshot by John Tavares.
17:17 of 2nd period - Stopped by Mackenzie Blackwood with a rebound.
17:19 of 2nd period - Snap shot by Esa Lindell.
17:19 of 2nd period - Stopped by Mackenzie Blackwood with a rebound.
17:21 of 2nd period - Snap shot by Esa Lindell.
17:21 of 2nd period - Shot Misses the Net.
17:44 of 2nd period - Wrist shot by Bryan Rust.
17:44 of 2nd period - Goal by Bryan Rust - Vegas Golden Knights : 5 - Anaheim Ducks : 4.
17:45 of 2nd period - Mark Scheifele wins face-off versus Jordan Staal in neutral zone.
17:50 of 2nd period - Wrist shot by William Nylander.
17:50 of 2nd period - Stopped by Mackenzie Blackwood without a rebound.
17:51 of 2nd period - Jordan Staal wins face-off versus William Nylander in Vegas Golden Knights zone.
17:51 of 2nd period - Roman Josi is hit by Esa Lindell.
18:46 of 2nd period - Travis Hamonic is hit by Chandler Stephenson and loses puck.
19:11 of 2nd period - Snap shot by Bryan Rust.
19:11 of 2nd period - Shot Misses the Net.
Goals for this period are 3 for Vegas Golden Knights vs 1 for Anaheim Ducks.
Shots for this period are 12 for Vegas Golden Knights vs 12 for Anaheim Ducks.
3rd period
0:01 of 3rd period - Auston Matthews wins face-off versus Mark Scheifele in neutral zone.
0:16 of 3rd period - Wrist shot by William Nylander.
0:16 of 3rd period - Stopped by Mackenzie Blackwood without a rebound.
0:17 of 3rd period - Nazem Kadri wins face-off versus Sean Monahan in Vegas Golden Knights zone.
0:48 of 3rd period - Off-side.
0:49 of 3rd period - Mark Scheifele wins face-off versus Mika Zibanejad in neutral zone.
0:54 of 3rd period - Snap shot by John Tavares.
0:54 of 3rd period - Shot Misses the Net.
2:02 of 3rd period - Wrist shot by Andreas Athanasiou.
2:02 of 3rd period - Shot Blocked by Esa Lindell.
2:04 of 3rd period - Slapshot by Shea Theodore.
2:04 of 3rd period - Stopped by Linus Ullmark without a rebound.
2:05 of 3rd period - Mark Scheifele wins face-off versus Mika Zibanejad in Anaheim Ducks zone.
2:07 of 3rd period - Minor Penalty to Mark Scheifele for High sticking.
2:08 of 3rd period - Sean Monahan wins face-off versus Chandler Stephenson in Anaheim Ducks zone.
2:42 of 3rd period - Slapshot by J.T. Compher.
2:42 of 3rd period - Shot Blocked by Bryan Rust.
2:44 of 3rd period - Snap shot by Alex Killorn.
2:44 of 3rd period - Shot Misses the Net.
2:46 of 3rd period - Wrist shot by Alex Killorn.
2:46 of 3rd period - Shot Misses the Net.
2:48 of 3rd period - Wrist shot by J.T. Compher.
2:48 of 3rd period - Goal by J.T. Compher - Vegas Golden Knights : 5 - Anaheim Ducks : 5.
2:49 of 3rd period - Chandler Stephenson wins face-off versus Sean Monahan in neutral zone.
4:07 of 3rd period - Penalty to Mark Scheifele is over, Mark Scheifele is back on ice.
4:10 of 3rd period - Snap shot by Brayden Schenn.
4:10 of 3rd period - Stopped by Mackenzie Blackwood without a rebound.
4:11 of 3rd period - Mark Scheifele wins face-off versus Andreas Athanasiou in Vegas Golden Knights zone.
4:22 of 3rd period - Wrist shot by William Nylander.
4:22 of 3rd period - Shot Misses the Net.
4:24 of 3rd period - Slapshot by Joshua Morrissey.
4:24 of 3rd period - Deflect By Mark Scheifele.
4:24 of 3rd period - Stopped by Mackenzie Blackwood with a rebound.
4:48 of 3rd period - Backhand shot by Brayden Schenn.
4:48 of 3rd period - Stopped by Mackenzie Blackwood without a rebound.
4:49 of 3rd period - Sean Monahan wins face-off versus Nazem Kadri in Vegas Golden Knights zone.
5:22 of 3rd period - Slapshot by John Tavares.
5:22 of 3rd period - Stopped by Mackenzie Blackwood without a rebound.
5:23 of 3rd period - Mark Scheifele wins face-off versus Jordan Staal in Vegas Golden Knights zone.
5:28 of 3rd period - Wrist shot by Mark Scheifele.
5:28 of 3rd period - Stopped by Mackenzie Blackwood with a rebound.
5:30 of 3rd period - Wrist shot by William Nylander.
5:30 of 3rd period - Shot Blocked by Erik Johnson.
5:42 of 3rd period - Wrist shot by John Tavares.
5:42 of 3rd period - Stopped by Mackenzie Blackwood with a rebound.
5:44 of 3rd period - Snap shot by John Tavares.
5:44 of 3rd period - Stopped by Mackenzie Blackwood with a rebound.
5:46 of 3rd period - Slapshot by Mark Scheifele.
5:46 of 3rd period - Deflect By William Nylander.
5:46 of 3rd period - Shot Misses the Net.
5:46 of 3rd period - Puck is out of play.
5:47 of 3rd period - Nazem Kadri wins face-off versus Mika Zibanejad in Vegas Golden Knights zone.
6:00 of 3rd period - Nazem Kadri is hit by Mika Zibanejad and loses puck.
6:31 of 3rd period - Morgan Rielly is hit by Tyler Toffoli and loses puck.
6:57 of 3rd period - Slapshot by John Tavares.
6:57 of 3rd period - Stopped by Mackenzie Blackwood with a rebound.
6:59 of 3rd period - Slapshot by Morgan Rielly.
6:59 of 3rd period - Shot Blocked by Andreas Athanasiou.
7:01 of 3rd period - Snap shot by Mark Scheifele.
7:01 of 3rd period - Shot Misses the Net.
7:03 of 3rd period - Snap shot by John Tavares.
7:03 of 3rd period - Shot Misses the Net.
7:05 of 3rd period - Slapshot by John Tavares.
7:05 of 3rd period - Stopped by Mackenzie Blackwood without a rebound.
7:06 of 3rd period - Nazem Kadri wins face-off versus Mika Zibanejad in Vegas Golden Knights zone.
7:31 of 3rd period - Ivan Provorov is hit by Reilly Smith and loses puck.
7:52 of 3rd period - Wrist shot by Jared McCann.
7:52 of 3rd period - Shot Misses the Net.
8:42 of 3rd period - Wrist shot by Bryan Rust.
8:42 of 3rd period - Goal by Bryan Rust - Vegas Golden Knights : 6 - Anaheim Ducks : 5.
8:43 of 3rd period - Nazem Kadri wins face-off versus Jordan Staal in neutral zone.
9:54 of 3rd period - Mason Marchment is hit by Jordan Staal and loses puck.
9:59 of 3rd period - Backhand shot by Mathew Barzal.
9:59 of 3rd period - Shot Blocked by Philip Broberg.
10:01 of 3rd period - Snap shot by Reilly Smith.
10:01 of 3rd period - Deflect By Nazem Kadri.
10:01 of 3rd period - Shot Misses the Net.
10:01 of 3rd period - Puck is out of play.
10:02 of 3rd period - Mark Scheifele wins face-off versus Mika Zibanejad in Anaheim Ducks zone.
10:02 of 3rd period - Mark Scheifele is hit by Mika Zibanejad.
11:14 of 3rd period - Snap shot by Mika Zibanejad.
11:14 of 3rd period - Stopped by Linus Ullmark without a rebound.
11:15 of 3rd period - Mika Zibanejad wins face-off versus Mason Marchment in Anaheim Ducks zone.
11:16 of 3rd period - Snap shot by Bryan Rust.
11:16 of 3rd period - Shot Misses the Net.
11:21 of 3rd period - Minor Penalty to Mason Marchment for Tripping.
11:22 of 3rd period - Mika Zibanejad wins face-off versus Chandler Stephenson in Anaheim Ducks zone.
11:40 of 3rd period - Esa Lindell is hit by Mika Zibanejad.
11:52 of 3rd period - Snap shot by Shea Theodore.
11:52 of 3rd period - Stopped by Linus Ullmark without a rebound.
11:53 of 3rd period - Sean Monahan wins face-off versus J.T. Compher in Anaheim Ducks zone.
13:12 of 3rd period - Wrist shot by Brayden Schenn.
13:12 of 3rd period - Shot Hit the Post.
13:21 of 3rd period - Penalty to Mason Marchment is over, Mason Marchment is back on ice.
14:44 of 3rd period - Snap shot by John Tavares.
14:44 of 3rd period - Stopped by Mackenzie Blackwood without a rebound.
14:45 of 3rd period - Mika Zibanejad wins face-off versus Nazem Kadri in Vegas Golden Knights zone.
14:56 of 3rd period - Snap shot by Auston Matthews.
14:56 of 3rd period - Deflect By Brayden Schenn.
14:56 of 3rd period - Stopped by Linus Ullmark without a rebound.
14:57 of 3rd period - Nazem Kadri wins face-off versus Sean Monahan in Anaheim Ducks zone.
15:22 of 3rd period - Erik Johnson is hit by Alex Killorn and loses puck.
15:33 of 3rd period - Erik Johnson is hit by Alex Killorn and loses puck.
16:30 of 3rd period - Slapshot by Sean Monahan.
16:30 of 3rd period - Stopped by Linus Ullmark with a rebound.
16:53 of 3rd period - Mathew Barzal is hit by Chandler Stephenson and loses puck.
17:12 of 3rd period - Ivan Provorov is hit by Roman Josi and loses puck.
17:52 of 3rd period - Off-side.
17:53 of 3rd period - Nazem Kadri wins face-off versus Sean Monahan in neutral zone.
18:02 of 3rd period - Wrist shot by Mason Marchment.
18:02 of 3rd period - Stopped by Mackenzie Blackwood with a rebound.
18:18 of 3rd period - Snap shot by Andreas Athanasiou.
18:18 of 3rd period - Shot Misses the Net.
18:30 of 3rd period - Anaheim Ducks, Linus Ullmark is pulled from the net.
18:30 of 3rd period - Wrist shot by Mason Marchment.
18:30 of 3rd period - Stopped by Mackenzie Blackwood without a rebound.
18:31 of 3rd period - Jordan Staal wins face-off versus Chandler Stephenson in Vegas Golden Knights zone.
18:38 of 3rd period - Slapshot by Reilly Smith.
18:38 of 3rd period - Deflect By Mathew Barzal.
18:38 of 3rd period - Shot Misses the Net.
18:38 of 3rd period - Puck is out of play.
18:39 of 3rd period - Linus Ullmark from Anaheim Ducks was sent back in the game.
18:39 of 3rd period - Jordan Staal wins face-off versus Chandler Stephenson in Anaheim Ducks zone.
18:45 of 3rd period - Off-side.
18:46 of 3rd period - Rick Tocchet call a timeout for Anaheim Ducks.
18:46 of 3rd period - William Nylander wins face-off versus Jordan Staal in neutral zone.
18:49 of 3rd period - Jordan Staal is hit by John Tavares and loses puck.
18:55 of 3rd period - Travis Hamonic is hit by Joshua Morrissey and loses puck.
19:02 of 3rd period - Anaheim Ducks, Linus Ullmark is pulled from the net.
19:16 of 3rd period - Wrist shot by John Tavares.
19:16 of 3rd period - Stopped by Mackenzie Blackwood without a rebound.
19:17 of 3rd period - Jordan Staal wins face-off versus Mark Scheifele in Vegas Golden Knights zone.
19:17 of 3rd period - Jordan Staal is hit by John Tavares.
19:31 of 3rd period - Wrist shot by Reilly Smith.
19:31 of 3rd period - Shot Blocked by Mark Scheifele.
19:39 of 3rd period - Slapshot by Jordan Staal.
19:39 of 3rd period - Shot Misses the Net.
19:41 of 3rd period - Snap shot by Jordan Staal.
19:41 of 3rd period - Goal by Jordan Staal - Vegas Golden Knights : 7 - Anaheim Ducks : 5.
19:41 of 3rd period - Linus Ullmark from Anaheim Ducks was sent back in the game.
19:42 of 3rd period - Chandler Stephenson wins face-off versus Sean Monahan in neutral zone.
19:55 of 3rd period - Wrist shot by Joshua Morrissey.
19:55 of 3rd period - Stopped by Mackenzie Blackwood with a rebound.
Goals for this period are 2 for Vegas Golden Knights vs 1 for Anaheim Ducks.
Shots for this period are 7 for Vegas Golden Knights vs 16 for Anaheim Ducks.
Back to the Top